 Dungeon Crawl Stone Soup version 0.16-a0-4112-g89a4107 (webtiles) character file.

191161 Stev the Black Belt (level 18, -1/154 HPs)
             Began as a Grey Draconian Transmuter on Feb 26, 2015.
             Was a High Priest of Okawaru.
             Slain by a shambling mangrove (38 damage)
             ... summoned by a shadow trap
             ... triggered by the player character
             ... on level 4 of the Swamp on Feb 27, 2015.
             The game lasted 04:49:16 (64672 turns).

Stev the Black Belt (Grey Draconian Transmuter)    Turns: 64672, Time: 04:49:17

Health: -1/154     AC: 26    Str: 12    XL:     18   Next: 0%
Magic:  32/32      EV: 12    Int: 23    God:    Okawaru [*****.]
Gold:   1605       SH:  6    Dex: 13    Spells: 10 memorised, 3 levels left

rFire  + . .     SeeInvis .       - Unarmed
rCold  + . .     Clarity  .     (armour unavailable)
rNeg   . . .     SustAb   .     X - +1 buckler {rF+}
rPois  +         Gourm    +     (helmet restricted)
rElec  .         Spirit   .     x - +2 cloak {rPois}
rCorr  .         Warding  .     F - +0 pair of gloves
rMut   .         Stasis   .     j - +2 pair of boots {run}
MR     +....                    D - amulet of the gourmand
Stlth  +.........               E - ring of ice
                                r - ring of protection from fire

@: about to teleport, stone skin, grasped by roots, slow, somewhat resistant to
hostile enchantments, very unstealthy
A: walk through water, unfitting armour, clever 1, mutation resistance 1,
unbreathing, cold-blooded, AC +15
a: Heroism, Finesse, Renounce Religion


You were on level 4 of the Swamp.
You worshipped Okawaru.
Okawaru was extremely pleased with you.
You were very full.

You visited 7 branches of the dungeon, and saw 38 of its levels.
You also visited: Ice Cave.

You collected 3535 gold pieces.
You spent 1930 gold pieces at shops.

Inventory:

Missiles
 b - 703 arrows
 O - 17 arrows of flame
Armour
 j - a +2 pair of boots of running (worn)
 x - a +2 cloak of poison resistance (worn)
 F - a +0 pair of gloves (worn)
 X - a +1 buckler of fire resistance (worn)
Rods
 I - a -1 rod of the swarm (14/14) {!a}
   (You found it on level 3 of the Snake Pit)
Jewellery
 r - a ring of protection from fire (left hand)
 s - a ring of the Octopus King {Wiz AC+1 EV+1 Str+1 Int+1 Dex+1}
   (You found it on level 14 of the Dungeon)

   [ring of wizardry]

   It improves your spell success rate.
   It affects your AC (+1).
   It affects your evasion (+1).
   It affects your strength (+1).
   It affects your intelligence (+1).
   It affects your dexterity (+1).
 u - an uncursed ring of protection from magic
 z - an uncursed amulet of resist corrosion
 D - an amulet of the gourmand (around neck)
 E - a ring of ice (right hand)
 G - an uncursed amulet of resist mutation
 L - an uncursed ring of see invisible
Magical devices
 w - a wand of teleportation (3)
 B - a wand of invisibility (2)
 P - a wand of disintegration (9)
 R - a wand of draining (2)
 U - a wand of heal wounds (9)
 V - a wand of digging (19)
 Z - a wand of heal wounds (7)
Scrolls
 h - 24 scrolls of remove curse {@r1}
 m - 6 scrolls of recharging
 q - 2 scrolls of silence {!r}
 y - 2 scrolls of acquirement
 C - 2 scrolls of magic mapping
 H - 3 scrolls of fear
 J - 2 scrolls of fog
 N - 2 scrolls of identify {@r2}
 Q - 2 scrolls of summoning
 T - a scroll of holy word
Potions
 c - 4 potions of restore abilities
 d - a potion of berserk rage {!q}
 e - 17 potions of curing {@q1}
 f - 2 potions of cure mutation {!q}
 g - 6 potions of haste
 k - 7 potions of invisibility
 l - a potion of cancellation
 p - a potion of heal wounds
 v - 4 potions of brilliance
 A - 6 potions of might
 M - 8 potions of agility
 S - 6 potions of resistance
Comestibles
 a - 15 bread rations
 i - 9 meat rations
 n - 31 fruits
 o - 2 royal jellies
 t - 8 beef jerkies
 Y - 2 slices of pizza


   Skills:
 + Level 12.0 Fighting
 + Level 10.5 Dodging
 - Level 5.5 Shields
 + Level 16.7 Unarmed Combat
 - Level 7.6 Spellcasting
 - Level 6.4 Translocations
 - Level 15.4 Transmutations
 - Level 9.5 Fire Magic
 - Level 6.2 Earth Magic
 - Level 7.1 Poison Magic
 - Level 8.1 Invocations


You had 3 spell levels left.
You knew the following spells:

 Your Spells              Type           Power        Failure   Level  Hunger
a - Beastly Appendage     Trmt           ######       0%          1    None
b - Sticks to Snakes      Trmt           ######....   1%          2    None
c - Spider Form           Trmt/Pois      ######....   1%          3    None
d - Cure Poison           Pois           #####.....   1%          2    None
e - Blade Hands           Trmt           ######....   1%          5    #####..
f - Stoneskin             Trmt/Erth      ######..     1%          2    None
g - Blink                 Tloc           N/A          1%          2    None
h - Apportation           Tloc           #####.....   1%          1    None
i - Hydra Form            Trmt           ######....   1%          6    ######.
j - Ignite Poison         Fire/Trmt      ####......   1%          5    #####..


Dungeon Overview and Level Annotations

Branches:
Dungeon (15/15) Temple (1/1) D:4 Lair (8/8) D:11 Swamp (4/5) Lair:6 Snake (5/5) Lair:6 Slime (0/6) Lair:7 Orc (4/4) D:9 Elf (0/3) Orc:4 Vaults (0/5) D:12 D:13 Depths (1/5) D:15

Altars:
Ashenzari
Cheibriados
Dithmenos
Elyvilon
Fedhas
Gozag
Kikubaaqudgha
Makhleb
Nemelex Xobeh
Okawaru
Qazlal
Ru
Sif Muna
Trog
Vehumet
Yredelemnul
Zin
The Shining One
Beogh

Shops:
D:9 *   D:11 =   D:13 *   Orc:2 (   Orc:3 !!   Orc:4 ?[(?*

Annotations:
D:15 exclusion: ugly thing
Snake:3 exclusion: downstairs
Snake:5 Aizul
Depths:1 exclusions: ice statue and orange crystal statue


Innate Abilities, Weirdness & Mutations

You can walk through water.
Your dull iron-grey scales are very hard (AC +15).
Your body does not fit into most forms of armour.
You can survive without breathing.
Your cold-blooded metabolism reacts poorly to cold.
Your mind is acute. (Int +2)
You are somewhat resistant to further mutation.


Message History

The spriggan rider hits you with a spear!
The spriggan rider hits you from afar with a spear!
The shambling mangrove hits you!!
The spriggan rider hits you but does no damage.
Read which item? (? for menu, Esc to quit)
As you read the scroll of teleportation, it crumbles to dust.
You feel strangely unstable. The raven pecks you.
* * * LOW HITPOINT WARNING * * *
The raven claws you!
* * * LOW HITPOINT WARNING * * *
The raven pecks you but does no damage. The raven misses you.
The raven pecks you but does no damage. The raven claws you but does no damage.
The raven closely misses you. The raven misses you.
The raven closely misses you. The raven claws you but does no damage.
The raven pecks you but does no damage. You block the raven's attack.
The spriggan rider hits you with a spear.
* * * LOW HITPOINT WARNING * * *
The spriggan rider closely misses you. The spriggan rider misses you.
The shambling mangrove hits you!!!
You die...

≈≈≈..♣♣♣
♣♣♣≈≈≈≈.♣♣...♣.?.≈≈≈≈.♣
≈≈≈.≈≈♣
♣♣≈.≈.≈♣♣♣≈≈≈≈.♣♣♣♣♣..♣♣
§.....♣♣♣..≈≈♣♣♣ ♣≈≈≈≈≈.♣
♣§.♣
≈.♣≈.≈..≈...♣♣♣♣♣.≈≈≈≈≈.≈♣
♣♣♣♣
....≈≈§≈≈§..≈≈≈♣≈≈≈≈≈≈≈.♣♣
.≈.≈≈≈≈≈≈≈...≈♣♣.≈≈...♣♣♣
§≈≈≈≈≈≈≈≈§≈§.v.♣♣♣♣♣♣♣♣
≈≈≈≈≈≈≈≈≈≈≈≈≈≈≈b♣♣♣♣
.≈≈≈≈≈≈≈≈≈≈.≈≈≈b@i≈♣
≈≈≈≈≈≈≈≈≈≈≈≈.§≈bfi.♣
≈≈≈≈≈≈≈≈≈≈≈≈.≈§i.≈.♣
≈≈≈≈≈≈..≈≈≈..≈≈.≈≈≈♣
≈..≈§≈.≈≈≈..≈...≈≈≈♣
<..≈≈...≈≈≈≈.≈.♣...≈
≈♣.≈w≈.≈≈≈ ♣.≈≈♣♣≈≈♣♣
i♣≈≈≈≈≈≈≈. §♣♣ ≈≈.
.♣♣.....≈≈ ≈


You could see a shambling mangrove, 3 spriggan riders, 3 ravens and an
insubstantial wisp.

Vanquished Creatures
  Saint Roka (Orc:4)
  Vashnia (Snake:4)
  3 thorn hunters
  2 greater nagas
  Donald (D:12)
  Maud (D:14)
  Snorg (Swamp:4)
  A fire dragon (Lair:8)
  Josephine (D:12)
  15 hydras
  Fannar (D:12)
  Harold (Lair:1)
  11 naga warriors
  7 anacondas
  A centaur warrior (D:15)
  4 tengu warriors
  11 shock serpents
  An alligator (Swamp:3)
  13 naga sharpshooters
  An orc high priest (Orc:4)
  3 catoblepae
  2 salamander mystics
  Nergalle (Lair:6)
  2 unseen horrors (D:14)
  A skeletal warrior (D:12)
  A deep elf knight (D:12)
  3 spriggan druids
  2 sea snakes (Snake:2)
  4 swamp dragons
  8 hill giants
  3 naga ritualists (Snake:2)
  A wizard (D:15)
  2 shambling mangroves
  An ice statue (IceCv)
  4 orc knights
  A necromancer (D:15)
  A deep elf conjurer (D:15)
  5 orc sorcerers
  9 ugly things
  8 mana vipers
  3 oklob plants
  10 salamanders
  5 hornets
  2 cyclopes
  4 manticores
  A griffon (Lair:3)
  9 elephants
  A centaur zombie (D:13)
  40 black mambas
  5 gargoyles
  Joseph (D:7)
  3 guardian serpents
  25 spiny frogs
  14 komodo dragons
  A kobold demonologist (D:14)
  22 naga magi
  3 fire drakes
  2 efreet
  5 trolls
  5 giant leeches
  A tengu conjurer (D:13)
  6 slime creatures
  Grinder (D:3)
  4 polar bears (Lair:4)
  A baby alligator (shapeshifter) (D:14)
  24 blink frogs
  3 basilisks
  3 bog bodies (Swamp:2)
  21 ravens
  3 deep elf magi
  6 spriggans
  4 wyverns
  33 yaks
  2 redbacks (Lair:8)
  2 hungry ghosts
  4 wraiths
  16 humans
  A shadow (Swamp:1)
  Eustachio (D:5)
  Grum (Orc:4)
  12 hippogriffs
  3 steam dragons
  2 mottled dragons (Lair:8)
  26 vampire mosquitoes
  46 water moccasins
  4 insubstantial wisps (Swamp:3)
  8 wargs
  55 nagas
  25 wolves
  18 swamp worms
  7 porcupines
  5 spiders (Lair:8)
  9 swamp drakes
  5 sky beasts
  6 wasps
  38 orc warriors
  A phantom (D:7)
  14 centaurs
  A necrophage (D:13)
  17 ice beasts
  14 big kobolds
  17 crocodiles
  9 ogres
  Sigmund (D:7)
  Duvessa (D:8)
  Blork the orc (D:5)
  A gnoll sergeant (D:9)
  A wyvern skeleton (D:11)
  19 giant frogs
  A water moccasin skeleton (D:4)
  3 scorpions
  5 electric eels
  11 wights
  5 crimson imps
  Dowan (D:8)
  9 hounds
  6 centaur skeletons
  3 giant frog skeletons
  49 orc wizards
  Crazy Yiuf (D:3)
  11 iguanas
  2 jellies
  34 orc priests
  23 sheep
  15 worker ants
  Ijyb (D:7)
  Jessica (D:3)
  2 hound zombies (D:6)
  A hound skeleton (D:8)
  9 gnolls
  64 river rats
  2 orc zombies (Orc:4)
  20 adders
  4 giant mites
  A shadow imp (D:15)
  7 worms
  6 giant geckos
  2 oozes
  242 orcs
  2 ball pythons
  14 bats
  A bat skeleton (D:6)
  A bat zombie (D:8)
  4 giant cockroaches
  26 goblins
  17 hobgoblins
  14 jackals
  17 quokkas
  4 giant newts
  A giant spore (D:7)
  51 kobolds
  15 rats
  2 ballistomycetes (D:7)
  4 bushes (Lair:8)
  3 fungi
  23 plants
1544 creatures vanquished.

Vanquished Creatures (collateral kills)
  2 hill giants
  A wolf spider (Lair:8)
  An ogre (D:4)
  A goliath beetle (D:5)
  2 gnolls (D:3)
7 creatures vanquished.

Vanquished Creatures (others)
  A guardian serpent (Snake:3)
  A raven (D:10)
  A naga (Snake:4)
  A worker ant (D:9)
  An orc (Orc:2)
  2 bushes (Lair:3)
  9 fungi
  12 plants
  10 toadstools (Swamp:1)
38 creatures vanquished.

Grand Total: 1589 creatures vanquished

Notes
Turn   | Place    | Note
--------------------------------------------------------------
     0 | D:1      | Stev, the Draconian Transmuter, began the quest for the Orb.
     0 | D:1      | Reached XP level 1. HP: 16/16 MP: 3/3
   171 | D:1      | Reached XP level 2. HP: 21/23 MP: 4/4
   354 | D:1      | Identified a +1 pair of boots of running (You found it on level 1 of the Dungeon)
   514 | D:1      | Reached skill level 4 in Unarmed Combat
   736 | D:2      | Reached XP level 3. HP: 15/28 MP: 4/6
   740 | D:2      | Learned a level 2 spell: Sticks to Snakes
  1742 | D:2      | Reached XP level 4. HP: 23/35 MP: 7/7
  1926 | D:2      | Found an ancient bone altar of Kikubaaqudgha.
  2910 | D:3      | Reached skill level 5 in Unarmed Combat
  2943 | D:3      | Learned a level 3 spell: Spider Form
  3078 | D:3      | Noticed Jessica
  3082 | D:3      | Killed Jessica
  3082 | D:3      | Reached XP level 5. HP: 33/40 MP: 9/9
  3218 | D:3      | Noticed Grinder
  3510 | D:3      | Paralysed by Grinder for 4 turns
  3550 | D:3      | Paralysed by Grinder for 3 turns
  3748 | D:3      | Paralysed by Grinder for 7 turns
  3759 | D:3      | Killed Grinder
  3759 | D:3      | Reached skill level 6 in Unarmed Combat
  3759 | D:3      | Reached XP level 6. HP: 24/47 MP: 2/10
  4476 | D:4      | Found a staircase to the Ecumenical Temple.
  4497 | Temple   | Entered the Ecumenical Temple
  4949 | D:4      | Reached skill level 7 in Unarmed Combat
  5164 | D:4      | Your scales start taking on a dull iron-grey colour.
  5164 | D:4      | Gained mutation: You can survive without breathing. [draconian maturity]
  5164 | D:4      | Reached XP level 7. HP: 39/52 MP: 10/12
  5560 | D:3      | Noticed Crazy Yiuf
  5584 | D:3      | Killed Crazy Yiuf
  5584 | D:3      | Reached skill level 8 in Unarmed Combat
  5948 | D:5      | Entered Level 5 of the Dungeon
  6333 | D:5      | Found a blossoming altar of Fedhas.
  6704 | D:5      | Reached skill level 9 in Unarmed Combat
  6823 | D:5      | Found a snail-covered altar of Cheibriados.
  7161 | D:5      | Noticed Blork the orc
  7242 | D:5      | Killed Blork the orc
  7242 | D:5      | Reached XP level 8. HP: 49/59 MP: 9/13
  7346 | D:5      | Noticed Eustachio
  7358 | D:5      | Killed Eustachio
  7358 | D:5      | Reached skill level 10 in Unarmed Combat
  7724 | D:6      | Reached skill level 1 in Poison Magic
  9342 | D:7      | Noticed Joseph
  9349 | D:7      | Reached skill level 5 in Transmutations
  9663 | D:7      | Killed Joseph
  9663 | D:7      | Reached XP level 9. HP: 43/64 MP: 11/14
  9810 | D:7      | Noticed Ijyb
  9821 | D:7      | Killed Ijyb
  9913 | D:7      | Reached skill level 5 in Poison Magic
  9942 | D:7      | Noticed Sigmund
  9957 | D:7      | Killed Sigmund
 10720 | Temple   | Became a worshipper of Warmaster Okawaru
 11080 | D:8      | Acquired Okawaru's first power
 11265 | D:8      | Learned a level 2 spell: Cure Poison
 11589 | D:8      | Reached skill level 1 in Invocations
 11589 | D:8      | Reached XP level 10. HP: 39/71 MP: 14/17
 12302 | D:8      | Noticed Dowan
 12303 | D:8      | Noticed Duvessa
 12332 | D:8      | Killed Dowan
 12496 | D:8      | Killed Duvessa
 13047 | D:8      | Learned a level 5 spell: Blade Hands
 13448 | D:9      | Found a white marble altar of Elyvilon.
 13458 | D:9      | Found a burning altar of Makhleb.
 13585 | D:9      | Found Maefalec's General Store.
 14090 | D:9      | Reached skill level 5 in Spellcasting
 14111 | D:9      | Bought a +1 buckler of fire resistance for 247 gold pieces
 14111 | D:9      | Bought a potion of curing for 45 gold pieces
 14125 | D:9      | Found a staircase to the Orcish Mines.
 14227 | D:9      | Reached skill level 1 in Shields
 14417 | D:9      | Found a shadowy altar of Dithmenos.
 14417 | D:9      | Found a glowing golden altar of the Shining One.
 14664 | D:10     | Entered Level 10 of the Dungeon
 14664 | D:10     | Noticed a six-headed hydra
 15025 | D:10     | Noticed a hill giant
 15293 | D:10     | Killed a hill giant
 15293 | D:10     | Reached skill level 5 in Shields
 15867 | Orc:1    | Entered Level 1 of the Orcish Mines
 16834 | Orc:2    | Noticed an orc sorcerer
 16843 | Orc:2    | Killed an orc sorcerer
 16843 | Orc:2    | Reached XP level 11. HP: 71/77 MP: 15/23
 16861 | Orc:2    | Found Oxzon's Weapon Shoppe.
 16986 | Orc:1    | Noticed an orc knight
 17711 | Orc:3    | Reached skill level 10 in Transmutations
 17907 | Orc:3    | Found Ifaabb's Distillery.
 17944 | Orc:3    | Bought a potion of heal wounds for 85 gold pieces
 17944 | Orc:3    | Bought 2 potions of heal wounds for 170 gold pieces
 17944 | Orc:3    | Bought a potion of heal wounds for 85 gold pieces
 18546 | D:11     | Found a staircase to the Lair.
 18941 | D:11     | Found Shues' Jewellery Shop.
 18967 | D:11     | Bought an uncursed ring of see invisible for 255 gold pieces
 19172 | D:12     | Noticed a hill giant
 19206 | D:12     | Killed a hill giant
 19468 | D:12     | Noticed a deep elf knight
 19487 | D:12     | Killed a deep elf knight
 19487 | D:12     | Reached skill level 5 in Fighting
 19820 | D:12     | Reached skill level 5 in Dodging
 20488 | D:12     | Noticed Fannar
 20593 | Lair:1   | Entered Level 1 of the Lair of Beasts
 20627 | Lair:1   | Noticed Harold
 20659 | Lair:1   | Killed Harold
 20805 | Lair:1   | Reached XP level 12. HP: 56/100 MP: 19/24
 21970 | Lair:2   | Noticed a four-headed hydra
 22771 | Lair:2   | Noticed an eight-headed hydra
 22867 | Lair:3   | Noticed a seven-headed hydra
 22930 | Lair:2   | Killed a four-headed hydra
 23109 | Lair:3   | Found a staircase to the Shoals.
 23250 | Lair:2   | Noticed a seven-headed hydra
 23278 | Lair:2   | Killed a seven-headed hydra
 23799 | Lair:2   | Learned a level 2 spell: Stoneskin
 24024 | Lair:3   | Acquired Okawaru's second power
 24184 | Lair:3   | Killed a seven-headed hydra
 24184 | Lair:3   | Reached skill level 10 in Fighting
 24872 | Lair:3   | Identified the Reference Book on Arcane Weapons and the Birds
 25916 | Lair:4   | Reached XP level 13. HP: 106/114 MP: 21/25
 26528 | Lair:4   | Reached skill level 5 in Invocations
 26536 | Lair:4   | Found an iron altar of Okawaru.
 26762 | Lair:4   | Received a gift from Okawaru
 26765 | Lair:4   | Got a pair of jewelled boots {god gift}
 26776 | Lair:4   | Identified the +1 pair of boots of the Butterfly {Dex+4 Slay-3} (Okawaru gifted it to you on level 4 of the Lair of Beasts)
 27705 | Lair:5   | Found a frozen archway.
 27718 | Lair:5   | Reached skill level 1 in Earth Magic
 27748 | IceCv    | Entered an ice cave
 27873 | IceCv    | Got an ichor-stained war axe
 27889 | IceCv    | HP: 2/114 [ice statue/shard of ice (25)]
 28330 | Lair:5   | Reached skill level 5 in Earth Magic
 29037 | Lair:6   | Noticed Nergalle
 29050 | Lair:6   | Killed Nergalle
 29086 | Lair:6   | Found a staircase to the Snake Pit.
 29113 | Lair:6   | Found a staircase to the Swamp.
 30591 | Lair:7   | Reached skill level 11 in Unarmed Combat
 30743 | Lair:7   | Identified the +6 war axe "Ciruircho" {flame, rF- MR+ MP+9 Str-3 Int+5} (You found it in an ice cave)
 31332 | Lair:7   | Learned a level 2 spell: Blink
 31393 | Lair:7   | Reached skill level 1 in Translocations
 31600 | Lair:7   | Found a staircase to the Slime Pits.
 31622 | Lair:7   | Reached XP level 14. HP: 84/122 MP: 20/26
 32143 | Lair:7   | You fall through a shaft!
 32143 | Lair:8   | Entered Level 8 of the Lair of Beasts
 32819 | Lair:8   | Reached skill level 5 in Translocations
 32982 | Lair:8   | Received a gift from Okawaru
 33380 | Lair:8   | Received a gift from Okawaru
 33565 | Lair:8   | Reached skill level 12 in Unarmed Combat
 33582 | Lair:8   | Paralysed by a hornet for 4 turns
 34953 | Lair:8   | Identified a +1 pair of boots of running (You found it on level 8 of the Lair of Beasts)
 35064 | Lair:8   | Reached skill level 13 in Unarmed Combat
 36051 | Lair:8   | Found a blossoming altar of Fedhas.
 36770 | Orc:1    | Killed an orc knight
 37396 | Orc:3    | Found Umilap's Distillery.
 37399 | Orc:3    | Bought a potion of ambrosia for 112 gold pieces
 37399 | Orc:3    | Bought 2 potions of agility for 112 gold pieces
 37399 | Orc:3    | Bought a potion of degeneration for 14 gold pieces
 37460 | Orc:4    | Entered Level 4 of the Orcish Mines
 37595 | Orc:4    | Reached skill level 14 in Unarmed Combat
 37695 | Orc:4    | Found a roughly hewn altar of Beogh.
 37707 | Orc:4    | Found Efosoc's Magic Scroll Shoppe.
 37722 | Orc:4    | Bought a scroll of holy word for 112 gold pieces
 37722 | Orc:4    | Bought a scroll of magic mapping for 52 gold pieces
 37758 | Orc:4    | Found a roughly hewn altar of Beogh.
 37823 | Orc:4    | Found a staircase to the Elven Halls.
 38026 | Orc:4    | Learned a level 1 spell: Apportation
 38121 | Orc:4    | Found a roughly hewn altar of Beogh.
 38122 | Orc:4    | Found Oruofuny's Magic Scroll Shop.
 38135 | Orc:4    | Bought a scroll of identify for 22 gold pieces
 38135 | Orc:4    | Bought a scroll of teleportation for 33 gold pieces
 38135 | Orc:4    | Bought a scroll of torment for 82 gold pieces
 38135 | Orc:4    | Bought a scroll of fog for 22 gold pieces
 38135 | Orc:4    | Bought a scroll of identify for 22 gold pieces
 38195 | Orc:4    | Noticed Saint Roka
 38200 | Orc:4    | HP: 1/122 [orc high priest/divine providence (9)]
 38989 | Orc:4    | Killed Saint Roka
 38989 | Orc:4    | Reached XP level 15. HP: 108/128 MP: 18/27
 39080 | Orc:4    | Found a roughly hewn altar of Beogh.
 39087 | Orc:4    | Found Prontof's Antique Armour Shop.
 39088 | Orc:4    | Found Brecal's Antique Weapon Boutique.
 39216 | Orc:4    | Found a roughly hewn altar of Beogh.
 39245 | Orc:4    | Noticed Grum
 39257 | Orc:4    | Killed Grum
 39288 | Orc:4    | Found a roughly hewn altar of Beogh.
 39308 | Orc:4    | Found Uzutt's General Store.
 39675 | D:12     | Killed Fannar
 39675 | D:12     | Reached skill level 15 in Unarmed Combat
 39841 | D:12     | Noticed a hill giant
 39843 | D:12     | Noticed Josephine
 39862 | D:12     | Killed Josephine
 39862 | D:12     | Received a gift from Okawaru
 39865 | D:12     | Killed a hill giant
 40470 | D:13     | Found a gate to the Vaults.
 40470 | D:13     | Noticed Donald
 40531 | D:12     | Killed Donald
 40901 | D:13     | Received a gift from Okawaru
 40912 | D:13     | Got a shimmering quarterstaff {god gift}
 40913 | D:13     | Identified the +7 quarterstaff of Death {flame, rF+ rC- Int+3} (Okawaru gifted it to you on level 13 of the Dungeon)
 40945 | D:13     | Reached skill level 16 in Unarmed Combat
 41077 | Lair:2   | Learned a level 6 spell: Hydra Form
 41358 | D:13     | Found Yngoawat's Assorted Antiques.
 42704 | D:14     | Got a ring of the Octopus King
 42710 | D:14     | Noticed Maud
 42727 | D:14     | Killed Maud
 42783 | D:14     | Identified a ring of the Octopus King {Wiz AC+1 EV+1 Str+1 Int+1 Dex+1} (You found it on level 14 of the Dungeon)
 43154 | D:14     | Received a gift from Okawaru
 43335 | D:15     | Entered Level 15 of the Dungeon
 44390 | D:15     | Reached XP level 16. HP: 116/136 MP: 21/28
 44401 | D:15     | Found a staircase to the Depths.
 44467 | Depths:1 | Entered Level 1 of the Depths
 45521 | Snake:1  | Entered Level 1 of the Snake Pit
 45555 | Snake:1  | Received a gift from Okawaru
 48029 | Orc:3    | Bought a potion of resistance for 140 gold pieces
 48029 | Orc:3    | Bought a potion of heal wounds for 70 gold pieces
 48029 | Orc:3    | Bought a potion of heal wounds for 70 gold pieces
 48131 | Orc:4    | Bought a scroll of identify for 30 gold pieces
 48131 | Orc:4    | Bought a scroll of teleportation for 45 gold pieces
 48131 | Orc:4    | Bought a scroll of identify for 30 gold pieces
 48131 | Orc:4    | Bought a scroll of identify for 30 gold pieces
 48131 | Orc:4    | Bought a scroll of teleportation for 45 gold pieces
 48850 | Snake:2  | Received a gift from Okawaru
 49263 | Snake:2  | HP: 6/136 [poisoned by a greater naga (splash of poison)]
 49270 | Snake:2  | HP: 6/136 [poisoned by a greater naga (splash of poison)]
 49278 | Snake:2  | HP: 6/136 [poisoned by a greater naga (splash of poison)]
 49688 | Snake:1  | Upgraded the game from 0.16-a0-4111-gf762223 to 0.16-a0-4112-g89a4107
 49856 | Lair:2   | Killed an eight-headed hydra
 49998 | D:14     | Learned a level 5 spell: Ignite Poison
 50581 | Snake:2  | Reached skill level 1 in Fire Magic
 51029 | Snake:3  | Identified a scroll of acquirement
 51245 | Snake:3  | Reached skill level 5 in Fire Magic
 53233 | Snake:4  | Noticed Vashnia
 54727 | Snake:3  | Reached XP level 17. HP: 136/143 MP: 30/31
 55752 | Snake:4  | Received a gift from Okawaru
 56085 | Snake:4  | Reached skill level 15 in Transmutations
 57046 | Snake:4  | Identified a -1 rod of the swarm (14/14) (You found it on level 3 of the Snake Pit)
 57111 | Snake:4  | Killed Vashnia
 58048 | Snake:5  | Entered Level 5 of the Snake Pit
 58048 | Snake:5  | Noticed Aizul
 58781 | Snake:3  | Received a gift from Okawaru
 59143 | Swamp:1  | Entered Level 1 of the Swamp
 60121 | Swamp:1  | Gained mutation: You are somewhat resistant to further mutation. [potion of beneficial mutation]
 60582 | Swamp:2  | Gained mutation: Your mind is acute. (Int +2) [potion of beneficial mutation]
 62060 | Swamp:3  | Reached skill level 10 in Dodging
 64287 | Swamp:4  | Noticed Snorg
 64305 | Swamp:4  | Killed Snorg
 64406 | Swamp:4  | Reached XP level 18. HP: 86/154 MP: 26/32
 64672 | Swamp:4  | Slain by a shambling mangrove

Action                   |  1- 3 |  4- 6 |  7- 9 | 10-12 | 13-15 | 16-18 || total
-------------------------+-------+-------+-------+-------+-------+-------++-------
Melee: Unarmed           |   168 |   232 |   506 |  1479 |  2081 |  1240 ||  5706
 Cast: Beastly Appendage |    18 |    22 |    38 |    42 |    56 |    16 ||   192
       Sticks to Snakes  |       |    22 |    19 |     8 |     4 |       ||    53
       Spider Form       |       |       |    16 |    18 |     1 |       ||    35
       Blade Hands       |       |       |       |    64 |   124 |   101 ||   289
       Cure Poison       |       |       |       |     4 |    20 |    35 ||    59
       Stoneskin         |       |       |       |       |    95 |   113 ||   208
       Blink             |       |       |       |       |     4 |       ||     4
       Hydra Form        |       |       |       |       |       |    23 ||    23
       Ignite Poison     |       |       |       |       |       |    38 ||    38
       Apportation       |       |       |       |       |       |     2 ||     2
Invok: Heroism           |       |       |       |    26 |    34 |    10 ||    70
       Finesse           |       |       |       |       |     1 |     3 ||     4
 Abil: End Transformatio |       |       |       |     3 |     6 |    30 ||    39
Evoke: Wand              |       |       |     1 |     7 |       |       ||     8
       Rod               |       |       |       |       |       |     2 ||     2
  Use: Scroll            |       |     3 |    10 |    14 |    16 |    22 ||    65
       Potion            |       |       |     4 |     5 |     6 |     8 ||    23
 Stab: Sleeping          |       |       |     1 |     3 |     3 |       ||     7
       Distracted        |       |       |     1 |       |     2 |       ||     3
       Petrified         |       |       |       |       |     2 |       ||     2
  Eat: Chunk             |     3 |     8 |    10 |    54 |    99 |    73 ||   247
       Meat ration       |       |     1 |     2 |     2 |     3 |       ||     8
       Pizza             |       |       |     2 |     4 |     1 |       ||     7
       Royal jelly       |       |       |       |       |     1 |       ||     1
